 Dungeon Crawl Stone Soup version 0.20.0-8-g6b59dc7 (webtiles) character file.

139 Irrix the Chopper (level 5, -2/47 HPs)
             Began as a Hill Orc Fighter on May 30, 2017.
             Was an Initiate of Okawaru.
             Slain by Grinder (3 damage)
             ... on level 3 of the Dungeon.
             The game lasted 00:07:36 (1506 turns).

Irrix the Chopper (Hill Orc Fighter)                Turns: 1506, Time: 00:07:36

Health: -2/47      AC:  7    Str: 16 (19) XL:     5   Next: 22%
Magic:  5/5        EV:  6    Int:  5 (8)  God:    Okawaru [......]
Gold:   15         SH:  8    Dex:  8 (11) Spells: 4/4 levels left

rFire    x . .     SeeInvis +   a - +0 war axe
rCold    + . .     Gourm    .   c - +0 shield
rNeg     . . .     Faith    .   b - +1 scale mail
rPois    .         Spirit   .   (no helmet)
rElec    .         Reflect  .   (no cloak)
rCorr    .         Harm     .   (no gloves)
MR       .....                  (no boots)
Stlth    ..........             (no amulet)
Regen    0.2/turn               k - ring of ice
MPRegen  0.1/turn               m - ring of see invisible

@: very slightly contaminated, invisible (expiring)
A: no striking features
a: Renounce Religion


You were on level 3 of the Dungeon.
You worshipped Okawaru.
Okawaru was noncommittal.
You were hungry.

You visited 1 branch of the dungeon, and saw 3 of its levels.

You collected 15 gold pieces.

Inventory:

Hand Weapons
 a - a +0 war axe (weapon)
Missiles
 n - 2 tomahawks (quivered)
Armour
 b - a +1 scale mail (worn)
 c - a +0 shield (worn)
Jewellery
 k - a ring of ice (left hand)
 m - a ring of see invisible (right hand)
Scrolls
 d - a scroll of random uselessness {unknown}
 h - a scroll of enchant armour
 l - a scroll of identify {unknown}
 o - 3 scrolls of immolation {unknown}
 q - 2 scrolls of teleportation {unknown}
 t - a scroll of enchant weapon {unknown}
Potions
 i - a potion of invisibility
 p - 2 potions of degeneration
 r - a potion of lignification {unknown}
 s - a potion of curing {unknown}
Comestibles
 f - 3 bread rations
 g - 7 chunks of flesh
 j - a royal jelly


   Skills:
 - Level 4.4 Fighting
 * Level 6.3 Axes
 - Level 3.2 Armour
 - Level 3.2 Shields


You had 4 spell levels left.
You didn't know any spells.

Dungeon Overview and Level Annotations

Branches:
Dungeon (3/15)

Altars:
Elyvilon
Okawaru
Trog
Zin
The Shining One

Annotations:
D:3 Grinder


Message History

Grinder is severely wounded.
Grinder gestures at you. Pain shoots through your body!
* * * LOW HITPOINT WARNING * * *
You miss Grinder.
Grinder is severely wounded.
Grinder gestures at you.
You suddenly lose the ability to move!
Grinder says, "DUCK!"
Grinder hits you.
* * * LOW HITPOINT WARNING * * *
You writhe in agony.
* * * LOW HITPOINT WARNING * * *
Grinder hits you but does no damage.
You can move again.
It was a potion of degeneration.
There was something very wrong with that liquid.
You feel weakened.
You feel dopey.
You feel clumsy.
Grinder is no longer unusually agile.
Grinder hits you.
You die...

#.......######
#.............
#.............
#####.............
#.................
#..........#######
#....).....#
#..5....†..#
#..@.......#
#..........#
#..........#
#..........#
#..........#
#..........#
............#
....##########
#....


You could see Grinder.

Vanquished Creatures
  6 adders
  An ooze (D:1)
  2 worms (D:3)
  A dart slug (D:1)
  A leopard gecko (D:2)
  A ball python (D:3)
  5 goblins
  11 hobgoblins
  11 jackals
  9 kobolds
  A quokka (D:3)
  11 bats
  3 frilled lizards
  A quokka skeleton (D:3)
  5 rats
69 creatures vanquished.

Notes
Turn   | Place    | Note
-------+----------+-------------------------------------------
     0 | D:1      | Irrix the Hill Orc Fighter began the quest for the Orb.
     0 | D:1      | Reached XP level 1. HP: 19/19 MP: 1/1
    54 | D:1      | Reached skill level 3 in Axes
   128 | D:1      | Reached XP level 2. HP: 27/27 MP: 2/2
   359 | D:1      | Reached XP level 3. HP: 33/33 MP: 3/3
   363 | D:1      | You fall through a shaft!
   368 | D:2      | Reached skill level 4 in Axes
   701 | D:2      | Found an iron altar of Okawaru.
   713 | D:2      | Became a worshipper of Warmaster Okawaru
   725 | D:2      | Reached XP level 4. HP: 27/40 MP: 4/4
   726 | D:2      | Reached skill level 5 in Axes
   750 | D:2      | Found a glowing silver altar of Zin.
   750 | D:2      | Found a white marble altar of Elyvilon.
   751 | D:2      | Found a glowing golden altar of the Shining One.
   982 | D:2      | Found a bloodstained altar of Trog.
  1383 | D:3      | Reached XP level 5. HP: 45/47 MP: 5/5
  1425 | D:3      | Reached skill level 6 in Axes
  1472 | D:3      | Noticed Grinder
  1488 | D:3      | Paralysed by Grinder for 4 turns
  1504 | D:3      | Paralysed by Grinder for 2 turns
  1504 | D:3      | HP: 2/47 [Grinder (5)]
  1506 | D:3      | Slain by Grinder

Skill      XL: |  1  2  3  4  5 |
---------------+----------------+-----
Axes           | 3 4 5 6 |  6.3
Fighting       | 4 |  4.4
Armour         | |  3.2
Shields        | |  3.2

Action                   |  1- 3 |  4- 6 || total
-------------------------+-------+-------++-------
Melee: War axe           |    81 |   172 ||   253
  Use: Scroll            |     1 |       ||     1
       Potion            |     1 |     3 ||     4
  Eat: Chunk             |       |     2 ||     2
Armor: Scale mail        |    66 |    75 ||   141
Dodge: Dodged            |    34 |    61 ||    95
Block: Shield            |    67 |   104 ||   171
